 Dungeon Crawl Stone Soup version 0.31-a0-632-g766dd24fdf (webtiles) character file.

Game seed: 13577075772326050581

111800 rjrrt the Executioner (level 16, -1/143 HPs)
             Began as a White Draconian Berserker on Aug 26, 2023.
             Was an Elder of Trog.
             Killed from afar by a thorn hunter (16 damage)
             ... with a volley of thorns
             ... on level 4 of the Swamp.
             The game lasted 01:01:57 (27592 turns).

rjrrt the Executioner (White Draconian Berserker)  Turns: 27592, Time: 01:01:57

Health: -1/143     AC: 20    Str: 26    XL:     16   Next: 10%
Magic:  16/16      EV: 17    Int:  9    God:    Trog [****..]
Gold:   2115       SH: 14    Dex: 15    Spells: 15/15 levels left

rFire   . . .        b - +6 shillelagh "Devastator" {shatter}
rCold   + . .        g - +2 buckler
rNeg    . . .        (body armour unavailable)
rPois   .            (helmet restricted)
rElec   .            z - +2 cloak {Stlth+}
rCorr   .            e - +0 pair of gloves
SInv    .            k - +2 pair of boots
Will    +....        u - amulet of the Crown {Reflect Dex+4 SH+5}
Stlth   ++           x - ring of flight
HPRegen 0.43/turn    q - +4 ring of protection
MPRegen 0.15/turn

%: reflection
@: on berserk cooldown, flying, slowed, very slow
A: breathe frost, AC +9, unfitting armour, cold resistance 1, cold-blooded
a: Breathe Frost, Renounce Religion, Berserk, Trog's Hand, Brothers in Arms


You were on level 4 of the Swamp.
You worshipped Trog.
Trog was greatly pleased with you.
You visited 3 branches of the dungeon, and saw 24 of its levels.
You also visited: Ossuary.

You collected 2115 gold pieces.

Inventory:

Hand Weapons
 a - a +7 heavy broad axe
 b - the +6 shillelagh "Devastator" (weapon) {shatter}
   (You found it on level 2 of the Lair of Beasts)
 m - a +2 antimagic broad axe
 C - a +1 trident
 R - the +4 sling of the Dwarven Hall {elec, rF+ rN+}
   (You found it on level 9 of the Dungeon)

   rF+:       It protects you from fire.
   rN+:       It protects you from negative energy.
Missiles
 n - a throwing net
 Y - 4 boomerangs (quivered)
Armour
 e - a +0 pair of gloves (worn)
 g - a +2 buckler (worn)
 k - a +2 pair of boots (worn)
 z - a +2 cloak of stealth (worn)
 K - a +0 tower shield
 U - a scarf of resistance
Jewellery
 q - a +4 ring of protection (right hand)
 u - the amulet of the Crown (around neck) {Reflect Dex+4 SH+5}
   (You found it on level 6 of the Dungeon)

   [amulet of reflection]

   Reflect:   It reflects blocked missile attacks.
   Dex+4:     It affects your dexterity (+4).
   SH+5:      It affects your SH (+5).
 x - a ring of flight (left hand)
 G - a ring of protection from fire
 H - a ring of resist corrosion
 J - a ring of willpower
 O - a +5 ring of evasion
Wands
 j - a wand of roots (7)
 p - a wand of mindburst (33)
 v - a wand of paralysis (25)
 B - a wand of polymorph (3)
 I - a wand of flame (33)
 N - a wand of acid (8)
 V - a wand of digging (5)
Scrolls
 d - 2 scrolls of vulnerability
 f - 11 scrolls of teleportation
 h - a scroll of poison
 i - 8 scrolls of blinking
 D - a scroll of brand weapon
 P - a scroll of butterflies
 Q - a scroll of fear
 W - 2 scrolls of fog
 X - 3 scrolls of identify
Potions
 c - a potion of berserk rage
 l - 4 potions of attraction
 o - 4 potions of heal wounds
 r - 4 potions of enlightenment
 s - 4 potions of might
 t - 7 potions of curing
 w - 5 potions of ambrosia
 y - 3 potions of mutation
 A - 2 potions of lignification
 E - 8 potions of haste
 M - a potion of cancellation
 T - 4 potions of resistance


   Skills:
 + Level 13.1 Fighting
 + Level 21.3 Axes
 + Level 11.1 Dodging
 + Level 11.4 Shields
 - Level 3.3 Evocations


You had 15 spell levels left.
You didn't know any spells.
Your spell library was empty.

Dungeon Overview and Level Annotations

Branches:
Dungeon (15/15)            Temple (0/1) D:5            Lair (5/5) D:8
  Swamp (4/4) Lair:2        Snake (0/4) Lair:2        Slime (0/5) Lair:4
    Orc (0/2) D:9          Vaults (0/5) D:13         Depths (0/4) D:15
Ossuary (visited)

Altars:
Cheibriados
Gozag
Hepliaklqana
Nemelex Xobeh
Wu Jian
The Shining One
Jiyva

Shops:
D:2 (   D:13 [

Annotations:
D:13 2 runed translucent doors
D:15 2 transporters, Bustrupp's ghost, journeyman DsMo
Lair:1 2 transporters, zenocrate's ghost, journeyman OpSh
Swamp:1 Mlioglotl


Innate Abilities, Weirdness & Mutations

You can breathe waves of freezing cold which knock back foes.
Your icy white scales are hard. (AC +9)
You cannot fit into any form of body armour.
Your flesh is cold resistant. (rC+)
You are cold-blooded and may be slowed by cold attacks.


Message History

Unknown command.
The briar patch crumbles away.
You block the rime drake's attack.
Unknown command.
You hit the rime drake.
The rime drake and the thorn hunter shudder.
The thorn hunter is lightly damaged.
The rime drake is lightly wounded.
The rime drake closely misses you. The thorn hunter hits you!
* * * LOW HITPOINT WARNING * * *
The thorn hunter closely misses you.
Unknown command.
Unknown command.
Unknown command.
You hit the rime drake but do no damage.
The rime drake is lightly wounded.
The briar patch crumbles away.
The rime drake breathes ice at you.
You block icy flash freeze... and reflect it back!
The icy flash freeze hits the rime drake!
The rime drake partially resists.
The rime drake is flash-frozen.
The thorn hunter hits you.
* * * LOW HITPOINT WARNING * * *
The thorn hunter completely misses you.
Unknown command.
Unknown command.
You closely miss the thorn hunter.
The thorn hunter is lightly damaged.
The rime drake bites you but does no damage.
You block the thorn hunter's attack. x2
Unknown command.
Unknown command.
You hit the thorn hunter.
The thorn hunter and the rime drake shudder.
The thorn hunter is moderately damaged.
The rime drake is moderately wounded.
You tail-slap the thorn hunter, but do no damage.
The thorn hunter is moderately damaged.
The rime drake is no longer encased in ice.
You block the rime drake's attack.
The thorn hunter fires a volley of thorns at you.
The volley of thorns hits you!
You die...

♣♣≈♣.~~~.~♣♣♣♣.~~~
♣♣≈≈≈♣~~.~~♣♣~<.~§~
♣≈≈≈≈≈♣.~.......~~~
♣≈≈≈≈≈≈♣.~......♣♣♣
♣≈≈≈≈≈≈.~§..~~~..~.
♣♣≈≈≈♣§.~~~~~~~§~~.
♣♣.≈≈≈♣~~~~§~~~~~~~~
♣...f♣~.§~~~~.~~~~~~
♣♣~@k..~.)~~....~~~~
♣♣..♣?♣÷~~~..D...~~
♣♣÷†~.÷~~~.♣..♣♣.~
♣♣♣♣..~..♣♣♣..~..
♣....~♣ ♣♣~. ♣..♣♣♣♣
♣~ ♣~~~ ..~~~
..~.~~~


You could see a thorn hunter and a rime drake (catching breath).

Vanquished Creatures
  Jorgrun (Swamp:3)
  The ghost of mandarbmax the Carver, a journeyman DrGl of Jiyva (D:12)
  6 bunyips
  2 fire dragons
  Fannar (D:10)
  8 vault guards (D:13)
  A catoblepas (Lair:2)
  2 ice dragons (D:15)
  8 hydras
  4 alligators
  9 death yaks
  4 death knights (D:13)
  4 centaur warriors
  4 boulder beetles
  A tengu warrior (D:13)
  4 two-headed ogres
  Urug (D:10)
  4 spriggans
  Nergalle (Lair:1)
  4 skeletal warriors
  2 goliath frogs
  Lodul (D:10)
  A spriggan druid (Swamp:4)
  2 bog bodies
  5 swamp dragons
  A wizard (D:9)
  An orange crystal statue (Lair:1)
  A lindwurm (Lair:5)
  An orc knight (D:15)
  A deep elf pyromancer (D:15)
  2 manticores
  11 ugly things
  An orc sorcerer (D:9)
  A will-o-the-wisp (Swamp:2)
  A guardian serpent (Lair:2)
  3 black mambas
  5 gargoyles
  10 cane toads
  7 torpor snails
  3 yaktaurs (D:15)
  11 komodo dragons
  2 kobold demonologists
  2 rime drakes
  6 trolls
  3 tengu conjurers
  5 polar bears
  9 tyrant leeches
  Grinder (D:3)
  8 blink frogs
  A hornet (shapeshifter) (D:13)
  14 hornets
  3 raiju (Lair:5)
  2 shadows
  Sigmund (D:3)
  A centaur simulacrum (D:15)
  43 yaks
  6 wyverns
  A vampire (D:10)
  4 wraiths
  7 basilisks
  A fire elemental (D:11)
  3 steam dragons
  20 vampire mosquitoes
  Menkaure (Ossuary)
  4 wargs
  8 swamp worms
  11 hell hounds (Lair:5)
  11 water moccasins
  15 black bears
  3 sky beasts (D:7)
  7 orc warriors
  A swamp drake (Swamp:4)
  8 ogres
  15 wolves
  9 centaurs
  A phantom (D:4)
  3 kobold brigands
  19 bullfrogs
  3 gnoll sergeants
  4 scorpions
  6 wights
  5 killer bees
  2 electric eels (Lair:1)
  5 howler monkeys
  A centaur zombie (Ossuary)
  2 lava snakes (D:11)
  3 hounds
  2 human zombies (Ossuary)
  3 jellies
  A gnoll bouda (D:7)
  7 orc priests
  Crazy Yiuf (D:7)
  5 iguanas
  A sleepcap (D:7)
  11 orc wizards
  4 ogre zombies (Ossuary)
  6 mummies (Ossuary)
  9 adders
  24 gnolls
  2 ufetubi
  3 adder zombies (Ossuary)
  3 worms
  2 dart slugs
  32 orcs
  8 endoplasms
  2 giant cockroaches
  A gnoll zombie (Ossuary)
  8 goblins
  6 hobgoblins
  3 jackals (D:2)
  8 quokkas
  13 ball pythons
  7 bats
  3 frilled lizards
  3 goblin zombies (Ossuary)
  4 hobgoblin zombies (Ossuary)
  9 kobolds
  4 kobold zombies (Ossuary)
  An orc zombie (Ossuary)
  4 quokka zombies (Ossuary)
  6 rats
  3 rat zombies (Ossuary)
640 creatures vanquished.

Vanquished Creatures (collateral kills)
  An eleionoma (Swamp:2)
  A dire elephant (Lair:5)
  5 death yaks (Lair:1)
  A swamp dragon (Swamp:4)
  Psyche (D:10)
  7 polar bears (Lair:5)
  A tyrant leech (Swamp:4)
  A dream sheep (Lair:5)
  2 wraiths (D:13)
  A vampire mosquito (Swamp:2)
  A swamp worm (Swamp:2)
  2 wargs (Lair:5)
  3 hell hounds (Lair:5)
  3 black bears (Lair:5)
  2 wolves (Lair:5)
32 creatures vanquished.

Vanquished Creatures (others)
  2 spriggan druids (Swamp:2)
  A will-o-the-wisp (Swamp:2)
  7 bloated husks
  2 swamp worms
  4 foxfires (Swamp:2)
16 creatures vanquished.

Grand Total: 688 creatures vanquished

Notes
Turn   | Place    | Note
-------+----------+-------------------------------------------
     0 | D:1      | rjrrt the Draconian Berserker began the quest for the Orb.
     0 | D:1      | Reached XP level 1. HP: 19/19 MP: 1/1
   210 | D:1      | Reached XP level 2. HP: 26/26 MP: 2/2
   543 | D:1      | Reached skill level 4 in Axes
   559 | D:1      | Reached ** piety under Trog
   646 | D:2      | Found a faded altar of an unknown god.
   649 | D:2      | Found Hosm's Antique Weapon Shop.
   812 | D:2      | Reached XP level 3. HP: 30/31 MP: 3/3
  1148 | D:2      | Reached skill level 5 in Axes
  1148 | D:2      | Reached XP level 4. HP: 36/38 MP: 4/4
  1342 | D:3      | Noticed Grinder
  1521 | D:3      | Found a glowing golden altar of the Shining One.
  1530 | D:3      | Found a snail-covered altar of Cheibriados.
  1537 | D:3      | Found an opulent altar of Gozag.
  1538 | D:3      | Found a hazy altar of Hepliaklqana.
  1548 | D:3      | Found an ornate altar of the Wu Jian Council.
  1579 | D:3      | Noticed Sigmund
  1689 | D:3      | Killed Sigmund
  1690 | D:3      | Reached skill level 6 in Axes
  1690 | D:3      | Reached XP level 5. HP: 22/45 MP: 5/5
  1690 | D:3      | Reached XP level 6. HP: 25/51 MP: 6/6
  2074 | D:3      | Killed Grinder
  2075 | D:3      | Reached skill level 7 in Axes
  2307 | D:4      | Reached *** piety under Trog
  2344 | D:4      | Reached skill level 8 in Axes
  2344 | D:4      | Your scales start taking on an icy white colour.
  2344 | D:4      | Reached XP level 7. HP: 53/57 MP: 7/7
  2344 | D:4      | Gained mutation: Your flesh is cold resistant. (rC+) [White
                  | Draconian growth]
  3086 | D:4      | Reached skill level 9 in Axes
  3566 | D:5      | Entered Level 5 of the Dungeon
  3570 | D:5      | Reached **** piety under Trog
  3599 | D:5      | Reached XP level 8. HP: 59/66 MP: 6/8
  3655 | D:5      | Found a staircase to the Ecumenical Temple.
  3805 | D:5      | You are sucked into a shaft and drop 3 floors!
  3836 | D:7      | Reached skill level 1 in Evocations
  3906 | D:7      | Reached skill level 1 in Shields
  3970 | D:7      | Found a sand-covered staircase.
  4026 | Ossuary  | Entered an ossuary
  4084 | Ossuary  | Reached skill level 5 in Fighting
  4233 | Ossuary  | Reached ***** piety under Trog
  4331 | Ossuary  | Reached skill level 10 in Axes
  4471 | Ossuary  | Noticed Menkaure
  4490 | Ossuary  | Killed Menkaure
  4496 | Ossuary  | Reached XP level 9. HP: 74/74 MP: 5/9
  4731 | D:6      | Identified the amulet of the Crown {Reflect Dex+4 SH+5}
  4760 | D:6      | Identified the +3 great sword of Erehoth Wudo {venom, rN+}
  5792 | D:5      | Received a gift from Trog
  6015 | D:7      | Reached skill level 11 in Axes
  6234 | D:7      | Reached skill level 12 in Axes
  6374 | D:7      | Reached XP level 10. HP: 83/83 MP: 10/10
  6534 | D:7      | Found a runed translucent door.
  6535 | D:7      | Noticed Crazy Yiuf
  6540 | D:7      | Killed Crazy Yiuf
  6854 | D:8      | Reached skill level 13 in Axes
  6892 | D:8      | Found a staircase to the Lair.
  7061 | D:8      | Noticed a gargoyle
  7068 | D:8      | Killed a gargoyle
  7068 | D:8      | Received a gift from Trog
  7069 | D:8      | Reached skill level 14 in Axes
  7081 | D:8      | Noticed a gargoyle
  7087 | D:8      | Killed a gargoyle
  7180 | D:8      | Noticed a gargoyle
  7183 | D:8      | Killed a gargoyle
  7268 | D:8      | Noticed a gargoyle
  7272 | D:8      | Killed a gargoyle
  7757 | Lair:1   | Entered Level 1 of the Lair of Beasts
  7850 | Lair:1   | Noticed a torpor snail
  7860 | Lair:1   | Reached skill level 15 in Axes
  7862 | Lair:1   | Reached XP level 11. HP: 89/89 MP: 11/11
  8119 | Lair:1   | Noticed Nergalle
  8137 | Lair:1   | Killed Nergalle
  8240 | Lair:1   | Found a transporter.
  8247 | Lair:1   | Found a transporter.
  8248 | Lair:1   | Noticed zenocrate's ghost (journeyman OpSh)
  8268 | Lair:1   | Noticed a boulder beetle
  8272 | Lair:1   | Noticed a death yak
  8275 | Lair:1   | Noticed a death yak
  8277 | Lair:1   | Noticed a death yak
  8279 | Lair:1   | Noticed a death yak
  8280 | Lair:1   | Noticed a death yak
  8310 | Lair:1   | Killed a death yak
  8311 | Lair:1   | Reached skill level 16 in Axes
  8312 | Lair:1   | Killed a death yak
  8316 | Lair:1   | Noticed a death yak
  8317 | Lair:1   | Killed a death yak
  8321 | Lair:1   | Killed a death yak
  8325 | Lair:1   | Killed a death yak
  8325 | Lair:1   | Killed a death yak
  8326 | Lair:1   | Reached skill level 17 in Axes
  8367 | Lair:1   | Killed a boulder beetle
  8698 | Lair:1   | Noticed an orange crystal statue
  8713 | Lair:1   | Killed an orange crystal statue
  9004 | Lair:2   | Found the +6 shillelagh "Devastator" {shatter}
  9095 | Lair:2   | Found a staircase to the Swamp.
  9095 | Lair:2   | Noticed a bog body
  9107 | Lair:2   | Killed a bog body
  9108 | Lair:2   | Reached XP level 12. HP: 79/95 MP: 12/12
  9190 | Lair:2   | Found a staircase to the Snake Pit.
  9389 | Lair:2   | Reached skill level 18 in Axes
  9708 | Lair:2   | Noticed a catoblepas
  9721 | Lair:2   | Killed a catoblepas
 10783 | Lair:3   | Reached skill level 19 in Axes
 10783 | Lair:3   | Reached skill level 5 in Dodging
 10790 | Lair:3   | Noticed a death yak
 10790 | Lair:3   | Noticed a death yak
 10808 | Lair:3   | Killed a death yak
 10812 | Lair:3   | Killed a death yak
 11633 | Lair:4   | Noticed a death yak
 11633 | Lair:4   | Noticed a death yak
 11633 | Lair:4   | Noticed a death yak
 11633 | Lair:4   | Noticed a death yak
 11633 | Lair:4   | Noticed a death yak
 11633 | Lair:4   | Noticed a death yak
 11642 | Lair:4   | Killed a death yak
 11647 | Lair:4   | Killed a death yak
 11647 | Lair:4   | Killed a death yak
 11647 | Lair:4   | Received a gift from Trog
 11648 | Lair:4   | Killed a death yak
 11649 | Lair:4   | Reached skill level 5 in Shields
 11651 | Lair:4   | Killed a death yak
 11652 | Lair:4   | Reached XP level 13. HP: 98/105 MP: 13/13
 11887 | Lair:4   | Found a viscous altar of Jiyva.
 11887 | Lair:4   | Found a staircase to the Slime Pits.
 12726 | Lair:5   | Entered Level 5 of the Lair of Beasts
 14544 | Lair:5   | Noticed a dire elephant
 14565 | Lair:5   | Killed a dire elephant
 15366 | Lair:5   | Found a runed translucent door.
 15367 | Lair:5   | Noticed a fire dragon
 15401 | Lair:5   | Killed a fire dragon
 15799 | Lair:5   | Paralysed by a hornet for 3 turns
 15804 | Lair:5   | Paralysed by a hornet for 3 turns
 15814 | Lair:5   | Reached XP level 14. HP: 76/118 MP: 14/14
 16656 | D:9      | Reached skill level 20 in Axes
 16711 | D:9      | Found a staircase to the Orcish Mines.
 16864 | D:9      | Identified the +2 robe of Misanthropy {rF- Int+3 SInv}
 17134 | D:9      | Reached skill level 10 in Fighting
 17168 | D:9      | Found the +2 hat of the Bear Spirit {Spirit, Bear, *Rage
                  | Will++}
 17170 | D:9      | Identified the +4 sling of the Dwarven Hall {elec, rF+ rN+}
 17273 | D:9      | Received a gift from Trog
 17831 | D:10     | Entered Level 10 of the Dungeon
 18061 | D:10     | Noticed Urug
 18070 | D:10     | Killed Urug
 18355 | D:10     | Found a sparkling altar of Nemelex Xobeh.
 18356 | D:10     | Noticed Psyche
 18376 | D:10     | Killed Psyche
 18507 | D:10     | Noticed Fannar
 18522 | D:10     | Killed Fannar
 18653 | D:10     | Noticed Lodul
 18663 | D:10     | Killed Lodul
 19583 | D:11     | Received a gift from Trog
 20379 | D:12     | Noticed mandarbmax's ghost (journeyman DrGl)
 20383 | D:12     | Found a runed translucent door.
 20412 | D:12     | Killed mandarbmax's ghost
 20927 | D:13     | Found Teybresm's Antique Armour Shoppe.
 20927 | D:13     | Found a large runed translucent door.
 20927 | D:13     | Found a large runed translucent door.
 20989 | D:13     | Found a gate to the Vaults.
 21648 | D:13     | Reached XP level 15. HP: 130/130 MP: 15/15
 22623 | D:13     | Found the +4 consecrated labrys {holy, Valiant Fragile Fly
                  | SInv}
 23228 | D:14     | Reached skill level 10 in Shields
 23437 | D:15     | Entered Level 15 of the Dungeon
 23447 | D:15     | Reached skill level 10 in Dodging
 23694 | D:15     | Found a transporter.
 23708 | D:15     | Found a transporter.
 23708 | D:15     | Noticed Bustrupp's ghost (journeyman DsMo)
 24137 | D:15     | Found a staircase to the Depths.
 24675 | Swamp:1  | Entered Level 1 of the Swamp
 24798 | Swamp:1  | Noticed Mlioglotl
 24841 | Swamp:1  | HP: 6/134 [spriggan rider/+0 spear (6)]
 24846 | Swamp:1  | Reached skill level 21 in Axes
 25523 | Swamp:2  | Identified the +4 glaive of Earthquakes {chaos, Dex+4}
 26857 | Swamp:3  | Noticed Jorgrun
 27047 | Swamp:3  | Killed Jorgrun
 27226 | Swamp:3  | Identified the +0 rapier of Demonkind {heavy, *Slow rElec
                  | Int+3 Dex+3}
 27231 | Swamp:4  | Entered Level 4 of the Swamp
 27270 | Swamp:4  | Reached XP level 16. HP: 82/143 MP: 16/16
 27290 | Swamp:4  | HP: 3/143 [poison (poison gas)]
 27329 | Swamp:4  | Noticed a thorn hunter
 27592 | Swamp:4  | Killed from afar by a thorn hunter

Illustrated notes

Levels and vault maps discovered:
D:1:      co_arrival_two_rings, layout_loops_ring, minmay_quantized
D:2:      minmay_angry_zag, layout_basic, dreamdust_ecumenical_altar_statues,
          serial_shops, shop, solitary_fountain
D:3:      layout_basic, nicolae_overflow_hallway_of_the_gods,
          grunt_decor_one_mirror, uniq_grinder, uniq_sigmund
D:4:      minmay_chambers_of_fours, layout_loops_ring
D:5:      layout_basic, minmay_temple_entry_drinking_statues,
          hangedman_decor_clover_reticule
D:6:      layout_basic
D:7:      layout_rooms, chequers_ossuary_entry_cave,
          minmay_fractal_squares_diagonal_5, uniq_crazy_yiuf_cottage
D:8:      cheibrodos_statue_roulette, layout_loops_ring,
          due_lair_maze_entry_diamond
D:9:      minmay_the_grid_4x2 [minmay_the_grid_eight, minmay_the_grid_square_x,
          minmay_the_grid_slots, minmay_the_grid_mess, minmay_the_grid_tri_star,
          minmay_the_grid_minigrid_small, minmay_the_grid_spikes,
          minmay_the_grid_prize_shrinking_boxes], layout_basic, orc_0_dummy,
          wad_floor_pattern_untrapped
D:10:     layout_basic, nemelex_xobeh_ov_fountains_minmay, uniq_fannar,
          uniq_lodul, uniq_psyche, uniq_urug
D:11:     erik_rubicon_a, layout_basic, minmay_between
D:12:     layout_loops_cross, hellmonk_ghost_happy_afterlife
D:13:     cheibrodos_tormentor_scu, layout_basic, erik_vaults_2, serial_shops,
          shop, lightli_elemental_guards
D:14:     layout_rooms
D:15:     grunt_enter_depths_hoard, layout_basic, nzn_ghost_randoct
Lair:1:   statuecave_lemuel, layout_gridlike, gammafunk_ghost_hive,
          infiniplex_staircase_pool_2, uniq_nergalle
Lair:2:   layout_cave_pods, skrybe_swamp_entry_bodies,
          minmay_snake_entry_spellcaster, serial_bayou_shore_a
Lair:3:   layout_cellular_growth
Lair:4:   layout_cave_pods, dpeg_slime_entry_enclosed
Lair:5:   wormcave, layout_cave_shapes, hangedman_lair_caniforms_friends,
          grunt_megastairs_1, lemuel_fruit_fields
Swamp:1:  layout_falls_marsh, hangedman_swamp_diagram, uniq_mlioglotl
Swamp:2:  nicolae_swamp_husk_halls, layout_falls_marsh,
          evilmike_swamp_ruin_house_2, swamp_pool3,
          nicolae_swamp_frolicking_bunyips
Swamp:3:  layout_basic_swamp, evilmike_swamp_ruin_house_6,
          nicolae_swamp_little_tower, uniq_jorgrun
Swamp:4:  swamp_alternative, layout_basic_swamp, swamp_pool1, lightli_tree_ring

Skill      XL: |  1  2  3  4  5  6  7  8  9 10 11 12 13 14 15 |
---------------+----------------------------------------------+-----
Axes           | 4 5 6 8 9 10 12 15 17 19 20 21 | 21.3
Dodging        | 3 4 6 7 9 11 | 11.1
Fighting       | 4 5 7 9 11 13 | 13.1
Evocations     | 2 3 |  3.3
Shields        | 2 3 5 7 9 11 | 11.4

Action                     |  1- 3 |  4- 6 |  7- 9 | 10-12 | 13-15 | 16-18 || total
---------------------------+-------+-------+-------+-------+-------+-------++-------
  Melee: Hand axe          |   127 |   130 |    94 |       |       |       ||   351
         Tailslap          |    13 |    11 |    62 |    79 |   191 |     2 ||   358
         Punch             |       |     2 |     1 |       |       |       ||     3
         War axe           |       |       |   339 |   424 |   555 |       ||  1318
         Shillelagh        |       |       |       |       |    23 |    19 ||    42
         Broad axe         |       |       |       |       |   470 |     5 ||   475
         Trident           |       |       |       |       |     6 |       ||     6
 Invoke: Berserk           |       |     3 |     4 |     7 |    13 |     1 ||    28
         Brothers in Arms  |       |       |       |     1 |     5 |     3 ||     9
         Trog's Hand       |       |       |       |       |     2 |       ||     2
Ability: Breathe Frost     |       |       |     2 |       |       |       ||     2
  Evoke: Wand              |       |       |       |     2 |     4 |       ||     6
    Use: Potion            |       |     1 |       |       |     8 |     2 ||    11
         Scroll            |       |       |    20 |     5 |    14 |       ||    39
   Stab: Sleeping          |     3 |     1 |     2 |     5 |     7 |       ||    18
         Distracted        |       |       |       |     1 |     2 |       ||     3
         Paralysed         |       |       |       |     8 |       |       ||     8
 Armour: Skin              |    52 |    50 |   109 |    97 |   255 |     8 ||   571
  Dodge: Dodged            |    95 |    78 |   177 |   126 |   495 |    16 ||   987
  Block: Buckler           |       |       |    96 |   193 |   600 |    18 ||   907
         Reflection        |       |       |     2 |    10 |    28 |     3 ||    43
         Tower shield      |       |       |       |       |     2 |       ||     2

Table legend: (Time is in decaauts)
 A = Elapsed time spent in this place.
 B = Non-inter-level travel time spent in this place.
 C = Inter-level travel time spent in this place.
 D = Time resting spent in this place.
 E = Time spent auto-exploring this place.
 F = Levels seen in this place.
 G = Mean time per level.
                   A        B        C        D        E       F      G
               +--------+--------+--------+--------+--------+-----+--------+
         Total |  27677 |  26212 |   1465 |   5407 |  13393 |  25 | 1107.1 |
       Dungeon |  15549 |  14680 |    869 |   1892 |   8547 |  15 | 1036.6 |
          Lair |   8929 |   8414 |    515 |   1825 |   4565 |   5 | 1785.8 |
         Swamp |   2638 |   2557 |     81 |   1657 |    254 |   4 |  659.5 |
       Ossuary |    559 |    559 |      0 |     32 |     27 |   1 |  559.0 |
               +--------+--------+--------+--------+--------+-----+--------+

Top non-repeatable levels by time:
  Lair:5: 3622 daAuts
    D:13: 2191 daAuts
  Lair:2: 1502 daAuts
    D:11: 1483 daAuts
  Lair:1: 1397 daAuts
     D:4: 1293 daAuts
  Lair:3: 1289 daAuts
     D:9: 1285 daAuts
 Swamp:2: 1194 daAuts
     D:8: 1171 daAuts
  Lair:4: 1117 daAuts
    D:15: 1034 daAuts
    D:10: 964 daAuts
     D:3: 958 daAuts
     D:7: 891 daAuts
